 Dungeon Sprint DCSS version 0.28-a0-957-g42eb19b844 (webtiles) character file.

Game seed: 3453498440246017857

7 Turgor the Sneak (level 1, -9/19 HPs)
             Began as a Vampire Enchanter on Nov 30, 2021.
             Mangled by an ogre (28 damage)
             ... in the Dungeon (Sprint IX: "|||||||||||||||||||||||||||||").
             The game lasted 00:00:39 (39 turns).

Turgor the Sneak (Vampire Enchanter)                  Turns: 39, Time: 00:00:40

Health: -9/19      AC:  2    Str:  7    XL:     1   Next: 91%
Magic:  3/3        EV: 12    Int: 17    God:
Gold:   0          SH:  0    Dex: 14    Spells: 4/4 levels left

rFire   . . .      SeeInvis +   a - +1 dagger
rCold   . . .      Faith    .   (no shield)
rNeg    . . .      Spirit   .   b - +0 robe
rPois   .          Reflect  .   (no helmet)
rElec   .          Harm     .   (no cloak)
rCorr   .          Rampage  .   (no gloves)
Will    .....      NoTele   +   (no boots)
Stlth   ..........              (no amulet)
HPRegen 0.26/turn               (no ring)
MPRegen 0.08/turn               (no ring)

@: berserking, healing quickly, very quick
A: alive, fangs 3, see invisible, vampiric 1
a: Exsanguinate


You were in the Dungeon.
You visited 1 branch

Inventory:

Hand Weapons
 a - a +1 dagger (weapon)
Armour
 b - a +0 robe (worn)
Scrolls
 i - a scroll of blinking
Potions
 c - a potion of invisibility
 d - a potion of curing
 e - a potion of heal wounds
 f - a potion of haste
 g - 2 potions of magic


   Skills:
 - Level 1.1 Short Blades
 - Level 2.1 Dodging
 + Level 7.6 Stealth
 - Level 2.0 Spellcasting
 - Level 4.4 Hexes


You had 4 spell levels left.
You didn't know any spells.
Your spell library contained the following spells:

 Spells                   Type           Power      Damage    Failure   Level
 Confusing Touch          Hex            16%        N/A       10%         3
 Tukima's Dance           Hex            16%        N/A       10%         3
 Ensorcelled Hibernation  Hex/Ice        18%        N/A       12%         2
 Dazzling Flash           Conj/Hex       18%        N/A       24%         3


Dungeon Overview and Level Annotations

Branches:
Dungeon (1/1)

Altars:


Innate Abilities, Weirdness & Mutations

Your natural rate of healing is accelerated.
You have razor-sharp teeth.
You have supernaturally acute eyesight. (SInv)
You are afflicted with vampirism.


Message History

The quokka misses you.
You barely miss the quokka.
The quokka is severely wounded.
The quokka closely misses you.
You hit the quokka.
You kill the quokka!
You hit the dart slug.
The dart slug is lightly wounded.
The dart slug barely misses you.
You completely miss the dart slug.
The dart slug is lightly wounded.
You hit the dart slug.
The dart slug is heavily wounded.
The dart slug misses you.
You hit the dart slug.
You bite the dart slug, but do no damage.
The dart slug is severely wounded.
The dart slug barely misses you.
You hit the dart slug.
You kill the dart slug!
Your Stealth skill increases to level 7!
You barely miss the frilled lizard. The frilled lizard bites you.
You hit the frilled lizard.
You kill the frilled lizard!
Items here: ) †††.
You start resting.
HP restored.
You open the door.
An orc, an ogre, a zombie and 2 skeletons come into view.
The orc shouts!
A red film seems to cover your vision as you go berserk!
You feel yourself moving faster!
You feel mighty!
You feel a strong urge to attack something.
You hit the ogre.
The ogre is lightly wounded.
You puncture the ogre!
The ogre is heavily wounded.
The ogre hits you with a +0 giant club!!
Ouch! That really hurt!
You die... ▓▓▓▓▓▓▓▓▓▓▓▓▓▓▓▓▓▓ +ZZo.ZO@...)'...<▓ ▓▓▓▓▓▓▓▓▓▓▓▓▓▓▓▓▓▓

You could see an ogre, an orc, a quokka zombie and 2 ball python skeletons.

Vanquished Creatures
  A dart slug (D)
  An endoplasm (D)
  A goblin (D)
  A quokka (D)
  A frilled lizard (D)
5 creatures vanquished.

Notes
Turn   | Place    | Note
-------+----------+-------------------------------------------
     0 | D        | Turgor the Vampire Enchanter began the quest for the Orb.
     0 | D        | Reached XP level 1. HP: 13/13 MP: 3/3
     6 | D        | Reached skill level 5 in Stealth
    11 | D        | Reached skill level 6 in Stealth
    23 | D        | Reached skill level 7 in Stealth
    35 | D        | Noticed an ogre
    39 | D        | Mangled by an ogre

Illustrated notes

Levels and vault maps discovered:
D:        linesprint [early_d, line_temple, items_1, d_10, items_2, lair_1,
          lair_end, items_3, orc_1, orc_end, items_4, d_15, swamp_1, shoals_1,
          snake_1, spider_1, d_20, vaults_1, items_5, swamp_end, shoals_end,
          snake_end, spider_end, vaults_end, d_27, items_6, zot_1, zot_end,
          crypt_end, forest_end, elf_end, slime_end, tomb_end, abyss_end,
          pan_hell_end]

Skill      XL: |  1 |
---------------+----+-----
Stealth        | 7 |  7.6
Short Blades   | |  1.1
Dodging        | |  2.1
Spellcasting   | |  2.0
Hexes          | |  4.4

Action                   || total
-------------------------++-------
Melee: Dagger            ||    22
       Bite              ||     3
  Use: Potion            ||     1
Dodge: Dodged            ||    11

Table legend: (Time is in decaauts)
 A = Elapsed time spent in this place.
 B = Non-inter-level travel time spent in this place.
 C = Inter-level travel time spent in this place.
 D = Time resting spent in this place.
 E = Time spent auto-exploring this place.
 F = Levels seen in this place.
 G = Mean time per level.
                   A        B        C        D        E       F      G
               +--------+--------+--------+--------+--------+-----+--------+
         Total |     37 |     37 |      0 |      5 |      0 |   1 |   37.0 |
       Dungeon |     37 |     37 |      0 |      5 |      0 |   1 |   37.0 |
               +--------+--------+--------+--------+--------+-----+--------+

Top non-repeatable levels by time:
       D: 37 daAuts
